 Dungeon Crawl Stone Soup version 0.31-a0-881-ge136f0c47a (webtiles) character file.

Game seed: 5828021631233774744

139766 gruber the Eclecticist (level 16, -1/93 HPs)
             Began as a Deep Elf Conjurer on Oct 15, 2023.
             Was a High Priest of Vehumet.
             Hit by a javelin thrown by a merfolk javelineer (24 damage)
             ... on level 4 of the Shoals.
             The game lasted 01:03:41 (37721 turns).

gruber the Eclecticist (Deep Elf Conjurer)         Turns: 37721, Time: 01:03:41

Health: -1/93      AC:  6    Str:  8    XL:     16   Next: 74%
Magic:  42/42      EV: 20    Int: 38    God:    Vehumet [*****.]
Gold:   1760       SH:  5    Dex:  8    Spells: 36/55 levels left

rFire   + + .        R - +8 whip "Snakebite" {venom, curare, rPois}
rCold   + . .        (no shield)
rNeg    + . .        K - +1 robe of Vines {NoPotionHeal Regen++++}
rPois   +            G - +0 helmet
rElec   .            l - scarf {rC+ rF+}
rCorr   .            W - +1 pair of gloves of Rosikhla {SInv Stlth+}
SInv    +            (no boots)
Will    ++...        J - amulet of reflection
Stlth   +++          y - +5 ring of evasion
HPRegen 3.55/turn    f - ring "Qeatz" {rF+ rN+ Will+ Str+4 Int+6 Dex-5}
MPRegen 0.28/turn

%: reflection
@: no status effects
A: no striking features
a: Renounce Religion


You were on level 4 of the Shoals.
You worshipped Vehumet.
Vehumet was extremely pleased with you.
You visited 5 branches of the dungeon, and saw 27 of its levels.
You also visited: Volcano.

You collected 2696 gold pieces.
You spent 936 gold pieces at shops.

Inventory:

Hand Weapons
 R - the +8 whip "Snakebite" (weapon) {venom, curare, rPois}
   (You took it off Amaemon on level 3 of the Lair of Beasts)

   rPois:     It protects you from poison
Missiles
 s - 2 throwing nets
 I - 8 curare-tipped darts
Armour
 l - a scarf of resistance (worn)
 G - a +0 helmet (worn)
 K - the +1 robe of Vines (worn) {NoPotionHeal Regen++++}
   (You found it on level 10 of the Dungeon)

   NoPotionHeal: Its wearer cannot be healed by potions.
   Regen++++: It increases your rate of health regeneration.
 P - a +1 leather armour of cold resistance
 W - the +1 pair of gloves of Rosikhla (worn) {SInv Stlth+}
   (You acquired it on level 2 of the Orcish Mines)

   SInv:      It lets you see invisible.
   Stlth+:    It makes you more stealthy.
Magical Staves
 j - a staff of fire
Jewellery
 f - the ring "Qeatz" (right hand) {rF+ rN+ Will+ Str+4 Int+6 Dex-5}
   (You acquired it on level 2 of the Orcish Mines)

   [ring of intelligence]

   Str+4:     It affects your strength (+4).
   Int+6:     It affects your intelligence (+6).
   Dex-5:     It affects your dexterity (-5).
   rF+:       It protects you from fire.
   rN+:       It protects you from negative energy.
   Will+:     It increases your willpower.
 y - a +5 ring of evasion (left hand)
 D - a +6 ring of intelligence
 J - an amulet of reflection (around neck)
 Y - the ring "Tost" {rF+ rN+}
   (You acquired it on level 13 of the Dungeon)

   [ring of positive energy]

   rF+:       It protects you from fire.
   rN+:       It protects you from negative energy.
Wands
 h - a wand of polymorph (10)
 q - a wand of iceblast (16)
 A - a wand of flame (71)
 M - a wand of mindburst (8)
 S - a wand of paralysis (21)
Scrolls
 c - 5 scrolls of fog
 d - a scroll of identify
 e - 10 scrolls of teleportation
 i - 3 scrolls of silence
 p - 6 scrolls of immolation
 r - 2 scrolls of amnesia
 u - 4 scrolls of summoning
 x - 6 scrolls of enchant weapon
 C - a scroll of enchant armour
 H - 4 scrolls of vulnerability
 L - 4 scrolls of fear
 N - a scroll of brand weapon
 O - 4 scrolls of revelation
 V - 3 scrolls of blinking
Potions
 a - 11 potions of curing
 b - a potion of magic
 g - 2 potions of might
 k - 4 potions of ambrosia
 m - 9 potions of brilliance
 n - 4 potions of cancellation
 o - 5 potions of lignification
 t - 3 potions of berserk rage
 w - 6 potions of enlightenment
 z - a potion of invisibility
 B - 5 potions of heal wounds
 T - 2 potions of resistance
 U - 2 potions of attraction
 X - a potion of haste


   Skills:
 - Level 8.1 Fighting
 - Level 5.1 Maces & Flails
 * Level 13.4 Dodging
 - Level 2.4 Stealth
 - Level 20.0 Spellcasting
 - Level 16.0 Conjurations
 - Level 5.2 Summonings
 - Level 17.0 Fire Magic


You had 36 spell levels left.
You knew the following spells:

 Your Spells              Type           Power      Damage    Failure   Level
a - Magic Dart            Conj           100%       1d8       0%          1
b - Searing Ray           Conj           100%       2d8       0%          2
c - Iskenderun's Mystic   Conj/Tloc      78%        2d16      1%          4
d - Fireball              Conj/Fire      52%        3d20      0%          5
e - Spellforged Servitor  Conj/Summ      43%        N/A       2%          7

Your spell library contained the following spells:

 Spells                   Type           Power      Damage    Failure   Level
 Eringya's Noxious Bog    Tmut/Pois      19%        4d6       28%         6
 Scorch                   Fire           100%       2d9       0%          2
 Flame Wave               Conj/Fire      100%       2d21      0%          4
 Apportation              Tloc           76%        N/A       1%          1
 Summon Small Mammal      Summ           100%       N/A       1%          1
 Jinxbite                 Hex            76%        N/A       1%          2
 Static Discharge         Conj/Air       100%       2-7/arc   1%          2
 Wereblood                Tmut           38%        N/A       1%          2
 Call Canine Familiar     Summ           67%        N/A       1%          3
 Dazzling Flash           Conj/Hex       100%       N/A       1%          3
 Hailstorm                Conj/Ice       78%        3d16      1%          3
 Summon Guardian Golem    Hex/Summ       55%        N/A       1%          3
 Airstrike                Air            19%        2d(3-19)  1%          4
 Fulminant Prism          Conj/Hex       39%        3d17      1%          4
 Irradiate                Conj/Tmut      39%        3d24      1%          5
 Tukima's Dance           Hex            38%        N/A       2%          3
 Summon Ice Beast         Ice/Summ       55%        N/A       2%          4
 Summon Lightning Spire   Summ/Air       55%        N/A       2%          4
 Cause Fear               Hex            19%        N/A       7%          4
 Dimensional Bullseye     Hex/Tloc       19%        N/A       7%          4
 Summon Cactus Giant      Summ           33%        N/A       13%         6
 Alistair's Intoxication  Tmut/Pois      25%        N/A       21%         5
 Simulacrum               Ice/Necr       19%        N/A       73%         6
 Dragon's Call            Summ           33%        N/A       100%        9


Dungeon Overview and Level Annotations

Branches:
Dungeon (15/15)            Temple (1/1) D:4            Lair (5/5) D:8
 Shoals (4/4) Lair:3       Spider (0/4) Lair:3        Slime (0/5) Lair:5
    Orc (2/2) D:9             Elf (0/3) Orc:2        Vaults (0/5) D:13
 Depths (0/4) D:15        Volcano (visited)

Altars:
Ashenzari
Cheibriados
Dithmenos
Elyvilon
Fedhas
Gozag
Hepliaklqana
Kikubaaqudgha
Makhleb
Nemelex Xobeh
Okawaru
Qazlal
Ru
Sif Muna
Trog
Uskayaw
Vehumet
Wu Jian
Xom
Yredelemnul
Zin
The Shining One
Jiyva

Shops:
D:12 !   D:15 ?   Orc:1 *   Orc:2 ?::[   Shoals:1 (   Shoals:2 ?   Shoals:3 (

Portals:
Trove: D:11 (give +3 shadow dragon scales)

Annotations:
D:8 2 runed translucent doors, AppleFox63's ghost, novice HOFi


Message History

You climb upwards.
There is a stone staircase leading down here.
Unknown command.
Unknown command.
You start resting.
HP restored.
You start resting.
Magic restored.
You enter the shallow water.
Moving in this stuff is going to be slow.
You enter the shallow water.
Moving in this stuff is going to be slow.
Things that are here:
a +0 club; a +4 sling of draining You enter the shallow water.
Moving in this stuff is going to be slow.
You enter the shallow water.
Moving in this stuff is going to be slow.
You enter the shallow water.
Moving in this stuff is going to be slow.
There is a stone staircase leading down here.
You climb downwards.
The merfolk impaler shouts! x2; The merfolk javelineer shouts! x2
You hear a shout!
The merfolk javelineer throws a javelin.
The javelin pierces through you!! The merfolk impaler misses you.
A merfolk javelineer comes into view. It is wielding a +0 spear.
The merfolk javelineer throws a javelin.
The javelin pierces through you! The merfolk impaler barely misses you.
The merfolk avatar chants a haunting song.
You resist.
The merfolk javelineer throws a silver javelin.
The silver javelin pierces through you!
There is a stone staircase leading up, spattered with blood here.
The merfolk javelineer throws a javelin.
The javelin pierces through you!!
* * * LOW HITPOINT WARNING * * *
The merfolk javelineer throws a javelin.
The javelin pierces through you!!
You die...

.......#
.......#
###.P#.. #
###..~...
#~###.#.....
...........
........~.#
........~.##
........~.~#
.......@...#
.........m.#
...)...mm.....#
.............##
.............#
.....m.........
#.#.........mmm
####...........
,


You could see a merfolk avatar, 2 merfolk impalers and 4 merfolk javelineers.

Vanquished Creatures
  Nikola (Shoals:2)
  Mlioglotl (Shoals:1)
  Polyphemus (Shoals:2)
  A kraken (Shoals:1)
  Kirke (D:14)
  Ilsuiw (Shoals:3)
  Louise (Shoals:1)
  A merfolk javelineer (Shoals:2)
  2 merfolk impalers (Shoals:3)
  Josephine (Lair:3)
  5 hydras
  4 merfolk avatars
  4 vault guards (D:13)
  2 ogre magi
  5 catoblepae
  3 merfolk aquamancers
  An alligator snapping turtle (Shoals:4)
  4 boulder beetles
  7 death yaks (Lair:5)
  5 two-headed ogres
  A centaur warrior (D:14)
  A tengu warrior (D:15)
  Amaemon (Lair:3)
  5 skysharks
  3 skeletal warriors (D:14)
  Lodul (D:13)
  7 sea snakes
  7 orc knights
  Pikel (D:9)
  A deep elf archer (Volcano)
  9 harpies
  10 deep elf pyromancers
  A necromancer (D:15)
  3 cyclopes
  2 orc sorcerers
  2 deep elf zephyrmancers (D:15)
  14 manticores
  3 fauns (Shoals:2)
  17 ugly things
  21 elephants
  A naga mage (D:15)
  4 water nymphs
  4 merfolk sirens
  3 gargoyles
  5 black mambas
  An orange demon (Lair:3)
  2 centaur skeletons (D:15)
  15 cane toads
  7 komodo dragons
  A freezing wraith (D:14)
  5 kobold demonologists
  4 rime drakes
  2 tengu conjurers
  10 merfolk
  5 wind drakes
  6 trolls
  3 polar bears
  6 dream sheep
  9 snapping turtles
  A jumping spider (shapeshifter) (D:15)
  4 slime creatures (D:14)
  A centaur simulacrum (D:15)
  A spriggan (shapeshifter) (D:14)
  A vampire (D:10)
  A human (D:13)
  5 wyverns
  32 yaks
  7 wraiths
  3 basilisks
  2 water elementals (Shoals:4)
  6 hogs (D:14)
  2 steam dragons
  5 fire elementals (Volcano)
  2 vampire mosquitoes (D:13)
  A redback (shapeshifter) (D:13)
  4 wargs
  2 acid dragons
  6 hell hounds (Volcano)
  13 water moccasins
  Duvessa (D:5)
  38 orc warriors
  9 black bears
  2 ice beasts
  9 ogres
  9 wolves
  16 centaurs
  4 lemures (D:9)
  A phantom (D:6)
  Blork the orc (D:5)
  10 bullfrogs
  5 kobold brigands
  5 gnoll sergeants
  4 scorpions
  12 wights (D:8)
  Dowan (D:5)
  7 killer bees
  A howler monkey (D:7)
  2 electric eels
  6 hounds
  2 jellies
  2 gnoll boudas
  24 orc priests
  2 sleepcaps
  7 iguanas
  21 orc wizards
  5 hell rats (Lair:4)
  32 gnolls
  10 adders
  A shadow imp (D:5)
  3 white imps
  2 worms (D:2)
  2 dart slugs
  82 orcs
  9 ball pythons
  5 bats
  10 endoplasms
  3 giant cockroaches
  5 goblins
  12 hobgoblins
  8 jackals
  16 kobolds
  4 quokkas
  2 frilled lizards
  4 rats
769 creatures vanquished.

Vanquished Creatures (collateral kills)
  Rupert (D:14)
  3 merfolk impalers
  An alligator snapping turtle (Shoals:2)
  A satyr (Shoals:2)
  2 death yaks (Shoals:2)
  2 sea snakes
  8 fauns
  A manticore (Shoals:1)
  2 merfolk sirens
  A wind drake (Shoals:1)
  3 merfolk
  A snapping turtle (Shoals:4)
  2 dream sheep (Shoals:3)
  An ogre (D:14)
  2 centaurs (D:14)
31 creatures vanquished.

Vanquished Creatures (others)
  4 tentacles (Shoals:1)
4 creatures vanquished.

Grand Total: 804 creatures vanquished

Notes
Turn   | Place    | Note
-------+----------+-------------------------------------------
     0 | D:1      | gruber the Deep Elf Conjurer began the quest for the Orb.
     0 | D:1      | Reached XP level 1. HP: 10/10 MP: 6/6
   309 | D:1      | Reached XP level 2. HP: 15/15 MP: 4/8
   377 | D:1      | Reached skill level 5 in Conjurations
  1183 | D:1      | Reached XP level 3. HP: 18/19 MP: 4/9
  1299 | D:2      | Learned a level 2 spell: Searing Ray
  1978 | D:2      | Reached XP level 4. HP: 24/24 MP: 6/11
  2468 | D:3      | You fall into a shaft and drop 1 floor!
  2472 | D:4      | Found a staircase to the Ecumenical Temple.
  2488 | Temple   | Entered the Ecumenical Temple
  2608 | D:4      | Noticed a black bear
  2627 | D:4      | Reached skill level 4 in Spellcasting
  2627 | D:4      | Reached XP level 5. HP: 28/28 MP: 8/13
  2631 | D:4      | Killed a black bear
  2901 | D:4      | Reached XP level 6. HP: 30/32 MP: 8/15
  2946 | D:4      | Reached skill level 5 in Spellcasting
  3464 | D:3      | Reached XP level 7. HP: 21/36 MP: 12/17
  3855 | D:3      | Learned a level 4 spell: Iskenderun's Mystic Blast
  4006 | D:5      | Entered Level 5 of the Dungeon
  4052 | D:4      | Reached skill level 6 in Spellcasting
  4420 | D:4      | Found a glowing golden altar of the Shining One.
  4609 | D:4      | Found a hazy altar of Hepliaklqana.
  4609 | D:4      | Found a radiant altar of Vehumet.
  4615 | D:4      | Became a worshipper of Vehumet
  4904 | D:5      | Noticed Blork the orc
  4911 | D:5      | Killed Blork the orc
  5086 | D:5      | Reached skill level 10 in Conjurations
  5086 | D:5      | Reached XP level 8. HP: 41/41 MP: 6/19
  5467 | D:5      | Noticed Duvessa
  5467 | D:5      | Noticed Dowan
  5489 | D:5      | Paralysed by a gnoll sergeant for 4 turns
  5497 | D:5      | Killed Dowan
  5500 | D:5      | Killed Duvessa
  5669 | D:5      | Found a stormy altar of Qazlal.
  6782 | D:6      | Reached XP level 9. HP: 45/45 MP: 16/20
  6860 | D:6      | Reached skill level 5 in Dodging
  7739 | D:7      | Reached * piety under Vehumet
  7739 | D:7      | Offered knowledge of Freeze by Vehumet.
  8753 | D:8      | Found a large runed translucent door.
  8844 | D:8      | Reached skill level 7 in Spellcasting
  8985 | D:8      | Reached skill level 8 in Spellcasting
  9026 | D:8      | Found a large runed translucent door.
  9031 | D:8      | Noticed AppleFox63's ghost (novice HOFi)
  9176 | D:8      | Noticed an elephant
  9358 | D:8      | Reached skill level 9 in Spellcasting
  9636 | D:8      | Found a staircase to the Lair.
  9648 | D:8      | Reached skill level 10 in Spellcasting
  9661 | D:8      | Killed an elephant
  9662 | D:8      | Reached XP level 10. HP: 44/50 MP: 1/26
  9820 | D:8      | Offered knowledge of Static Discharge by Vehumet.
  9899 | D:8      | Reached skill level 11 in Spellcasting
  9973 | D:8      | Reached ** piety under Vehumet
 10435 | D:9      | Found an ornate altar of the Wu Jian Council.
 10599 | D:9      | Noticed a two-headed hydra
 10610 | D:9      | Killed a two-headed hydra
 10786 | D:9      | Noticed a purple ugly thing
 10860 | D:9      | Killed a purple ugly thing
 11408 | D:9      | Found a staircase to the Orcish Mines.
 11526 | D:9      | Noticed Pikel
 11969 | D:9      | Killed Pikel
 11970 | D:9      | Reached skill level 15 in Conjurations
 11970 | D:9      | Reached XP level 11. HP: 54/54 MP: 20/28
 12470 | D:10     | Entered Level 10 of the Dungeon
 12538 | D:10     | Offered knowledge of Poisonous Vapours by Vehumet.
 12836 | D:10     | Noticed a four-headed hydra
 13096 | D:10     | Noticed a two-headed ogre
 13107 | D:10     | Killed a two-headed ogre
 13107 | D:10     | Reached *** piety under Vehumet
 13524 | D:10     | Killed a four-headed hydra
 13987 | D:10     | Found the +1 robe of Vines {NoPotionHeal Regen++++}
 14019 | D:11     | Noticed a two-headed ogre
 14033 | D:11     | Killed a two-headed ogre
 14635 | D:11     | Noticed a sea snake
 14636 | D:11     | Noticed a sea snake
 14740 | D:11     | Found a portal to a secret trove of treasure.
 14986 | D:11     | Identified the +3 leather armour of Somewhere Else {Dex+5}
 15333 | Lair:1   | Entered Level 1 of the Lair of Beasts
 15510 | Lair:1   | Reached skill level 5 in Fighting
 16119 | Lair:1   | You fall into a shaft and drop 1 floor!
 16410 | Lair:2   | Found a dark tunnel.
 16598 | Volcano  | Entered a volcano
 16716 | Volcano  | Noticed a deep elf pyromancer
 16721 | Volcano  | Noticed a deep elf pyromancer
 16728 | Volcano  | Killed a deep elf pyromancer
 16729 | Volcano  | Reached skill level 10 in Dodging
 16770 | Volcano  | Noticed a deep elf pyromancer
 16792 | Volcano  | Noticed a deep elf pyromancer
 16823 | Volcano  | Killed a deep elf pyromancer
 16892 | Volcano  | Reached XP level 12. HP: 68/68 MP: 26/29
 17138 | Volcano  | Offered knowledge of Olgreb's Toxic Radiance by Vehumet.
 17750 | Lair:2   | Identified the +4 ring mail of Repulsion {Will- Int+6
                  | Dex+6}
 18066 | Lair:3   | Noticed Josephine
 18075 | Lair:3   | Killed Josephine
 18079 | Lair:3   | Noticed Amaemon
 18082 | Lair:3   | Reached skill level 12 in Spellcasting
 18082 | Lair:3   | Reached **** piety under Vehumet
 18086 | Lair:3   | Reached skill level 13 in Spellcasting
 18092 | Lair:3   | Offered knowledge of Fireball by Vehumet.
 18093 | Lair:3   | Reached skill level 14 in Spellcasting
 18107 | Lair:3   | Killed Amaemon
 18110 | Lair:3   | Reached skill level 15 in Spellcasting
 18110 | Lair:3   | Reached XP level 13. HP: 61/72 MP: 11/34
 18414 | Lair:3   | Found a hole to the Spider Nest.
 18667 | Lair:3   | Learned a level 5 spell: Fireball
 18710 | Lair:3   | Found a staircase to the Shoals.
 18956 | Lair:3   | Found a sparkling altar of Nemelex Xobeh.
 19200 | Lair:4   | Reached skill level 1 in Maces & Flails
 20217 | Lair:4   | Reached skill level 5 in Maces & Flails
 20351 | Lair:4   | Found a sacrificial altar of Ru.
 20367 | Lair:4   | Reached ***** piety under Vehumet
 20368 | Lair:4   | Reached skill level 1 in Fire Magic
 20722 | Lair:4   | Offered knowledge of Brom's Barrelling Boulder by Vehumet.
 21037 | Lair:4   | Reached skill level 5 in Fire Magic
 21334 | Lair:5   | Entered Level 5 of the Lair of Beasts
 22476 | Lair:5   | Found a staircase to the Slime Pits.
 22477 | Lair:5   | Found a viscous altar of Jiyva.
 22486 | Lair:5   | Identified the +0 plate armour of Blue Skies {Str+2}
 22990 | Lair:5   | Reached XP level 14. HP: 78/78 MP: 25/35
 23337 | Lair:5   | Reached skill level 10 in Fire Magic
 24212 | Orc:1    | Entered Level 1 of the Orcish Mines
 24361 | Orc:1    | Found Imohixt's Assorted Antiques.
 24676 | Orc:2    | Entered Level 2 of the Orcish Mines
 24676 | Orc:2    | Found a staircase to the Elven Halls.
 24681 | Orc:2    | Offered knowledge of Spellforged Servitor by Vehumet.
 24980 | Orc:2    | Learned a level 7 spell: Spellforged Servitor
 26589 | Orc:2    | Found Roitsog's Book Emporium.
 26589 | Orc:2    | Found Culamiop's Book Boutique.
 26591 | Orc:2    | Found Tiykhlonk's Magic Scroll Shop.
 26593 | Orc:2    | Found Ferin's Armour Shoppe.
 26600 | Orc:2    | Bought a scroll of acquirement for 936 gold pieces
 26605 | Orc:2    | Acquired the +1 pair of gloves of Rosikhla {SInv Stlth+}
 26618 | Orc:2    | Acquired the ring "Qeatz" {rF+ rN+ Will+ Str+4 Int+6 Dex-5}
 27185 | D:12     | Found Acearph's Distillery.
 27309 | D:12     | Reached skill level 1 in Summonings
 27938 | D:13     | Noticed Lodul
 27941 | D:13     | Killed Lodul
 28098 | D:13     | Reached skill level 5 in Summonings
 28921 | D:13     | Reached XP level 15. HP: 85/85 MP: 3/36
 29056 | D:13     | Found a gate to the Vaults.
 29064 | D:13     | Acquired the ring "Tost" {rF+ rN+}
 29378 | D:14     | Offered knowledge of Arcjolt by Vehumet.
 29630 | D:14     | Identified the +7 war axe of Voracious Tender Mercy
                  | {freeze, rCorr Str+6 Dex-2}
 29878 | D:14     | Noticed Kirke
 29881 | D:14     | Killed Kirke
 30119 | D:14     | Noticed Rupert
 30120 | D:14     | Paralysed by Rupert for 5 turns
 30131 | D:14     | Killed Rupert
 30132 | D:14     | Reached skill level 16 in Spellcasting
 30684 | D:15     | Entered Level 15 of the Dungeon
 30800 | D:15     | Found Ycwuijeb's Magic Scroll Boutique.
 30976 | D:15     | Reached skill level 17 in Spellcasting
 31791 | D:15     | Found a staircase to the Depths.
 31794 | D:15     | Reached skill level 18 in Spellcasting
 32161 | Shoals:1 | Entered Level 1 of the Shoals
 32284 | Shoals:1 | Found Hegisuky's Weapon Shoppe.
 32292 | Shoals:1 | Noticed Mlioglotl
 32307 | Shoals:1 | Killed Mlioglotl
 32820 | Shoals:1 | Offered knowledge of Eringya's Noxious Bog by Vehumet.
 32827 | Shoals:1 | Noticed Louise
 32829 | Shoals:1 | Reached skill level 19 in Spellcasting
 32842 | Shoals:1 | Killed Louise
 33027 | Shoals:1 | Noticed a kraken
 33046 | Shoals:1 | Killed a kraken
 33665 | Shoals:2 | Reached skill level 20 in Spellcasting
 33665 | Shoals:2 | Reached XP level 16. HP: 93/93 MP: 4/42
 34488 | Shoals:2 | Found Naleckah's Magic Scroll Shop.
 34527 | Shoals:2 | Noticed Nikola
 34528 | Shoals:2 | Noticed Polyphemus
 34550 | Shoals:2 | Killed Nikola
 35182 | Shoals:3 | Reached skill level 15 in Fire Magic
 35182 | Shoals:3 | Noticed Ilsuiw
 35679 | Shoals:3 | Killed Ilsuiw
 36010 | Shoals:2 | Killed Polyphemus
 36505 | Shoals:3 | Found Giarank's Weapon Boutique.
 37133 | Shoals:4 | Entered Level 4 of the Shoals
 37721 | Shoals:4 | Hit by a javelin thrown by a merfolk javelineer

Illustrated notes

Levels and vault maps discovered:
D:1:      dpeg_arrival_renting, layout_loops_corners, skrybe_limestone_x,
          hangedman_glass_teeth
D:2:      layout_loops_ring, minmay_strange_pillars
D:3:      layout_loops_ring, chequers_decorated_corner
D:4:      layout_loops_ring, lemuel_round_altar, grunt_temple_overflow_open,
          minmay_temple_entry_sparse_star, nzn_random_ring
D:5:      layout_rooms, nicolae_overflow_crystal_walls, uniq_duvessa,
          uniq_blork_the_orc
D:6:      layout_basic, kennysheep_path_1
D:7:      layout_gridville
D:8:      layout_loops_ring, david_lair_generic, ebering_ghost_disaster_area,
          enter_bailey_2
D:9:      layout_long_grid, kennysheep_mini, orc_david_3,
          serial_co_window_serial, co_window_paths_a, co_window_paths_a,
          co_window_paths_b, co_window_paths_a, co_window_corner_a,
          co_window_of_opportunity_c, co_window_of_opportunity_b,
          co_window_broadway_c, co_window_broadway_c, glass_columns_b,
          glass_columns_c, hangedman_ranch, uniq_pikel
D:10:     layout_stronghold, hellmonk_guarded_unrand_vines
D:11:     layout_roguey, nicolae_trove_entry_free_sample, serial_aquarium,
          aquarium_bridge_square [aquarium_subvault_bridge,
          aquarium_subvault_wall, aquarium_subvault_wall,
          aquarium_subvault_bridge], aquarium_bridge_long_joined
          [aquarium_subvault_window, aquarium_subvault_balcony,
          aquarium_subvault_bridge, aquarium_subvault_bridge,
          aquarium_subvault_bridge, aquarium_subvault_bridge],
          aquarium_window_fake, aquarium_window_fake, aquarium_window_2,
          aquarium_window_fake, aquarium_view_2b, aquarium_view_2a,
          aquarium_balcony_double_4, aquarium_pool_side
D:12:     layout_loops_ring, serial_shops, nicolae_shop_industrial_runoff
D:13:     layout_cave_pools, grunt_vaults_entry_fortified, uniq_lodul
D:14:     layout_irregular_city, uniq_rupert, uniq_kirke
D:15:     grunt_enter_depths_magical_seal, layout_basic, serial_shops, shop,
          chequers_serial_rivers_micro_e
Temple:   sentei_temple_godly_chess
Lair:1:   layout_long_grid
Lair:2:   layout_regular_city, nicolae_volcano_entry_two_sided
Lair:3:   layout_regular_city, minmay_shoals_entry_beasts, spider_nest_entry_a,
          basic_altar, beast_lair_carwin_1, grunt_megastairs_5,
          serial_bayou_shore_a, uniq_josephine, uniq_amaemon
Lair:4:   wad_woods_stonehenge, layout_gridlike
Lair:5:   evilmike_catoblepas_cave, layout_regular_city, slime_entry_1,
          wad_woods_road_02, infiniplex_staircase_pool_2
Shoals:1: layout_shoals, serial_shops, nicolae_shop_mannequins,
          nicolae_shoals_stone_sculpture_thing, uniq_mlioglotl, uniq_louise
Shoals:2: layout_shoals, serial_shops, nicolae_shop_rolled_up,
          nicolae_shoals_dead_sea_scrolls, uniq_polyphemus, uniq_nikola
Shoals:3: layout_shoals, serial_shops, nicolae_shop_gibbet_a_chance, uniq_ilsuiw
Shoals:4: shoals_end_grunt_ice, layout_shoals, shoals_ilsuiw_ice,
          nicolae_shoals_seven_spires
Orc:1:    layout_caves, serial_shops, nicolae_shop_trees
Orc:2:    st_orc_rangers, layout_diamond_mine, mines1_david

Skill      XL: |  1  2  3  4  5  6  7  8  9 10 11 12 13 14 15 16 |
---------------+-------------------------------------------------+-----
Conjurations   | 5 6 7 8 10 12 15 16 | 16.0
Spellcasting   | 4 5 6 10 11 15 20 | 20.0
Dodging        | 4 8 10 13 | 13.4
Fighting       | 5 6 8 |  8.1
Maces & Flails | 5 |  5.1
Fire Magic     | 9 13 17 | 17.0
Summonings     | 5 |  5.2
Stealth        | |  2.4

Action                     |  1- 3 |  4- 6 |  7- 9 | 10-12 | 13-15 | 16-18 || total
---------------------------+-------+-------+-------+-------+-------+-------++-------
  Melee: Staff             |       |     2 |     4 |       |       |       ||     6
         Long sword        |       |       |       |    17 |       |       ||    17
         Whip              |       |       |       |       |    98 |       ||    98
         Punch             |       |       |       |       |     1 |       ||     1
   Cast: Magic Dart        |    79 |    65 |   126 |    51 |   120 |       ||   441
         Searing Ray       |     1 |    13 |    68 |    98 |    45 |       ||   225
         Iskenderun's Myst |       |       |    21 |   106 |   174 |    18 ||   319
         Fireball          |       |       |       |       |   331 |   143 ||   474
         Spellforged Servi |       |       |       |       |     8 |    16 ||    24
  Evoke: Wand              |       |       |     4 |     5 |       |     4 ||    13
    Use: Scroll            |       |       |       |       |    29 |     3 ||    32
   Stab: Paralysed         |       |       |       |     5 |       |       ||     5
         Sleeping          |       |       |       |       |     1 |       ||     1
 Armour: Robe              |     2 |     7 |    37 |    71 |   132 |    38 ||   287
  Dodge: Dodged            |     4 |    25 |   125 |   205 |   265 |    35 ||   659
  Block: Other             |       |       |       |    23 |    67 |     2 ||    92
         Reflection        |       |       |       |     1 |     9 |       ||    10

Table legend: (Time is in decaauts)
 A = Elapsed time spent in this place.
 B = Non-inter-level travel time spent in this place.
 C = Inter-level travel time spent in this place.
 D = Time resting spent in this place.
 E = Time spent auto-exploring this place.
 F = Levels seen in this place.
 G = Mean time per level.
                   A        B        C        D        E       F      G
               +--------+--------+--------+--------+--------+-----+--------+
         Total |  38016 |  36115 |   1901 |   4815 |  26315 |  28 | 1357.7 |
       Dungeon |  20813 |  19766 |   1047 |   1592 |  15563 |  15 | 1387.5 |
        Temple |      1 |      1 |      0 |      0 |      0 |   1 |    1.0 |
          Lair |   8122 |   7760 |    362 |    985 |   5614 |   5 | 1624.4 |
        Shoals |   5809 |   5387 |    422 |   1507 |   3240 |   4 | 1452.2 |
  Orcish Mines |   2516 |   2447 |     69 |    672 |   1433 |   2 | 1258.0 |
       Volcano |    752 |    752 |      0 |     59 |    464 |   1 |  752.0 |
               +--------+--------+--------+--------+--------+-----+--------+

Top non-repeatable levels by time:
  Lair:5: 2709 daAuts
     D:9: 2223 daAuts
Shoals:2: 2117 daAuts
  Lair:4: 2050 daAuts
     D:8: 1934 daAuts
Shoals:3: 1878 daAuts
     D:4: 1800 daAuts
Shoals:1: 1757 daAuts
    D:14: 1450 daAuts
   Orc:2: 1416 daAuts
    D:10: 1403 daAuts
     D:5: 1394 daAuts
     D:6: 1306 daAuts
    D:11: 1300 daAuts
     D:1: 1294 daAuts
